 Dungeon Crawl Stone Soup version 0.23.2-1-ga50397a6bc (webtiles) character file.

Game seed: 5239434353398079554

10119 4FPSwarrior the Grappler (level 11, -1/107 HPs)
             Began as a Troll Fighter on May 1, 2019.
             Was a High Priest of Zin.
             Slain by a nine-headed hydra (14 damage)
             ... on level 9 of the Dungeon on May 2, 2019.
             The game lasted 00:33:23 (8823 turns).

4FPSwarrior the Grappler (Troll Fighter)            Turns: 8823, Time: 00:33:24

Health: -1/107     AC:  9    Str: 27    XL:     11   Next: 32%
Magic:  13/13      EV: 12    Int:  6    God:    Zin [*****.]
Gold:   137        SH: 11    Dex: 11    Spells: 10/10 levels left

rFire    + . .     SeeInvis .     - Unarmed
rCold    . . .     Gourm    +   b - +0 shield
rNeg     . . .     Faith    .   H - +0 troll leather armour
rPois    +         Spirit   .   k - +1 hat
rElec    .         Reflect  .   (no cloak)
rCorr    .         Harm     .   (gloves unavailable)
MR       .....                  (boots unavailable)
Stlth    +.........             (no amulet)
HPRegen  1.07/turn              E - ring "Aficso" {rPois rC+ MR- Int+2}
MPRegen  0.13/turn              J - ring of fire

@: no status effects
A: large, unfitting armour, claws 3, fast metabolism 3, gourmand, regeneration
1, shaggy fur 1, tough skin 3
a: Recite, Vitalisation, Imprison, Sanctuary, Donate Gold, Renounce Religion


You were on level 9 of the Dungeon.
You worshipped Zin.
Zin was extremely pleased with you.
You were full.

You visited 2 branches of the dungeon, and saw 12 of its levels.

You collected 727 gold pieces.
You spent 518 gold pieces at shops.
You donated 72 gold pieces to Zin.

Inventory:

Hand Weapons
 s - a +2 falchion of slicing
 w - the cursed +0 hand axe of Kodd {pain, Int+4 Dex+4}
   (You found it on level 4 of the Dungeon)

   In the hands of one skilled in necromantic magic, it inflicts extra damage on
   living creatures.
   It affects your intelligence (+4).
   It affects your dexterity (+4).
   It has a curse placed upon it.
   Zin disapproves of the use of such an item.
Armour
 a - a +0 robe
 b - a +0 shield (worn)
 f - a +0 ring mail
 k - a +1 hat (worn)
 H - a +0 troll leather armour (worn)
Jewellery
 E - the ring "Aficso" (left claw) {rPois rC+ MR- Int+2}
   (You found it on level 6 of the Dungeon)

   [ring of protection from cold]

   It affects your intelligence (+2).
   It protects you from cold.
   It protects you from poison.
   It affects your resistance to hostile enchantments.
 J - a ring of fire (right claw)
 L - a cursed ring of stealth
Wands
 g - a wand of paralysis (4)
 y - a wand of disintegration (10)
 B - a wand of iceblast (13)
 F - a wand of flame (39)
Scrolls
 e - 7 scrolls of remove curse
 h - a scroll of fear
 l - 2 scrolls of blinking {unknown}
 m - 2 scrolls of teleportation
 p - 5 scrolls of amnesia
 q - a scroll of random uselessness {unknown}
 t - a scroll of noise {unknown}
 u - 3 scrolls of magic mapping
 v - 3 scrolls of fog
 A - a scroll of acquirement {unknown}
 D - a scroll of enchant weapon {unknown}
 G - a scroll of enchant armour {unknown}
Potions
 c - 2 potions of might
 i - 3 potions of curing
 j - a potion of agility
 n - 2 potions of degeneration
 o - 3 potions of brilliance
 r - 3 potions of flight
 x - a potion of cancellation {unknown}
 z - a potion of haste
 C - 3 potions of magic {unknown}
 I - 2 potions of heal wounds {unknown}
 K - a potion of mutation {unknown}
Comestibles
 d - 23 rations


   Skills:
 + Level 6.4 Fighting
 + Level 3.0 Armour
 + Level 6.2 Dodging
 * Level 8.0 Shields
 * Level 10.2 Unarmed Combat
 + Level 4.7 Invocations


You had 10 spell levels left.
You didn't know any spells.
Your spell library contained the following spells:

 Spells                   Type           Power        Failure   Level  Hunger
 Beastly Appendage        Tmut           #.....       56%         1    ##.....
 Sting                    Conj/Pois      #...         56%         1    ##.....
 Poisonous Vapours        Pois/Air       #.....       71%         2    ###....
 Sticks to Snakes         Tmut           #.......     71%         2    ###....
 Mephitic Cloud           Conj/Pois/Air  #.......     91%         3    ####...
 Spider Form              Tmut/Pois      #.........   91%         3    ####...
 Ice Form                 Ice/Tmut       #.......     100%        4    #####..
 Olgreb's Toxic Radiance  Pois           #.......     100%        4    #####..
 Blade Hands              Tmut           #.........   100%        5    ######.
 Venom Bolt               Conj/Pois      #.........   100%        5    ######.


Dungeon Overview and Level Annotations

Branches:
Dungeon (11/15)            Temple (1/1) D:4            Lair (0/6) D:11
    Orc (0/2) D:10

Altars:
Ashenzari
Cheibriados
Dithmenos
Elyvilon
Fedhas
Gozag
Hepliaklqana
Kikubaaqudgha
Makhleb
Nemelex Xobeh
Okawaru
Qazlal
Ru
Sif Muna
Trog
Uskayaw
Vehumet
Wu Jian
Xom
Yredelemnul
Zin
The Shining One
Lugonu

Shops:
D:8 }   D:9 *   D:10 }

Portals:
Abyss: D:1
Trove: D:11 (give horn of Geryon)

Annotations:
D:6 4 runed translucent doors
D:7 2 transporters, Alannah's ghost, novice TrHu


Innate Abilities, Weirdness & Mutations

You are too large for most types of armour.
You have claws for hands.
Your metabolism is lightning-fast.
You like to eat raw meat.
Your natural rate of healing is unusually fast.
You are covered in fur. (AC +1)
You have extremely tough skin. (AC +3)


Message History

The nine-headed hydra bites you!
* * * LOW HITPOINT WARNING * * *
There is a stone staircase leading up, spattered with blood here.
The nine-headed hydra bites you but does no damage. x2
You block the nine-headed hydra's attack.
The nine-headed hydra bites you!
* * * LOW HITPOINT WARNING * * *
The nine-headed hydra misses you. The nine-headed hydra bites you.
* * * LOW HITPOINT WARNING * * *
The nine-headed hydra misses you. The nine-headed hydra bites you!
Zin protects you from harm!
You block the nine-headed hydra's attack.
You climb upwards.
There is a stone staircase leading down here.
The nine-headed hydra barely misses you.
You block the nine-headed hydra's attack.
The nine-headed hydra bites you.
* * * LOW HITPOINT WARNING * * *
The nine-headed hydra bites you!
You die...

## ### ## .#### ###.# #######.
....##########...# #.......
.##..............# #.#####.
.##..###########.# #.# #.
.##..#.........#.# #.# #.
.##..#.#######.#@#########.# #.
.##..#.#######.#D..........# #.
.................###############.
................>..............#.
.##..#.#######.#.#...........#.#.
.##..##.....##.#.#...........#.#.
.##......#.....#.............#.#.
..##.##..#.....#.............#.#.
..##.#.......#.#.............#.#.


You could see a nine-headed hydra.

Vanquished Creatures
  2 two-headed ogres
  A manticore (D:11)
  3 meliai
  2 trolls
  A hornet (D:11)
  A hippogriff (D:11)
  A vampire (D:9)
  A wyvern (D:5)
  2 yaks
  2 hungry ghosts
  A water moccasin (D:8)
  5 orc warriors
  A sky beast (D:7)
  3 ice beasts
  2 necrophages
  5 phantoms
  7 centaurs
  6 ogres
  3 big kobolds (D:8)
  9 bullfrogs
  A gnoll sergeant (D:9)
  A wyvern zombie (D:6)
  2 scorpions
  8 killer bees
  8 wights
  5 howler monkeys
  4 crimson imps
  2 quasits
  A centaur zombie (D:9)
  6 hounds
  7 orc priests
  3 jellies
  5 orc wizards
  2 centaur skeletons
  A bullfrog skeleton (D:9)
  An iron imp (D:5)
  11 worker ants
  5 iguanas
  A hound zombie (D:9)
  2 hound skeletons
  A howler monkey zombie (D:10)
  A howler monkey skeleton (D:8)
  10 gnolls
  11 adders
  2 shadow imps (D:7)
  2 adder zombies
  3 adder skeletons
  A worm (D:2)
  2 dart slugs (D:2)
  9 leopard geckos
  33 orcs
  4 giant cockroaches
  17 goblins
  4 hobgoblins
  10 jackals
  10 kobolds
  7 quokkas
  A ball python (D:2)
  6 bats
  7 frilled lizards
  A jackal skeleton (D:2)
  2 quokka zombies (D:5)
  10 rats
288 creatures vanquished.

Notes
Turn   | Place    | Note
-------+----------+-------------------------------------------
     0 | D:1      | 4FPSwarrior the Troll Fighter began the quest for the Orb.
     0 | D:1      | Reached XP level 1. HP: 22/22 MP: 0/0
   450 | D:1      | Found a one-way gate to the infinite horrors of the Abyss.
   450 | D:1      | Found a corrupted altar of Lugonu.
   450 | D:1      | Noticed a quasit
   450 | D:1      | Noticed an iron imp
   450 | D:1      | Noticed an iron imp
   450 | D:1      | Noticed a demonic crawler
   450 | D:1      | Noticed a quasit
   450 | D:1      | Noticed a quasit
   450 | D:1      | Noticed a demonic crawler
   451 | D:1      | Noticed a quasit
   451 | D:1      | Noticed a demonic crawler
   483 | D:1      | Noticed an iron imp
   686 | D:1      | Reached XP level 2. HP: 29/29 MP: 1/1
  1025 | D:2      | Reached XP level 3. HP: 36/36 MP: 2/2
  1127 | D:2      | Found a deep blue altar of Sif Muna.
  1477 | D:3      | Reached skill level 3 in Unarmed Combat
  1477 | D:3      | Reached XP level 4. HP: 44/45 MP: 3/3
  1846 | D:3      | Reached XP level 5. HP: 53/53 MP: 4/4
  2127 | D:4      | Found an iron altar of Okawaru.
  2142 | D:4      | Reached skill level 4 in Unarmed Combat
  2162 | D:4      | Reached XP level 6. HP: 59/61 MP: 5/5
  2297 | D:4      | Found a staircase to the Ecumenical Temple.
  2324 | D:4      | Got a bloodstained hand axe
  2331 | Temple   | Entered the Ecumenical Temple
  2441 | Temple   | Became a worshipper of Zin the Law-Giver
  2441 | Temple   | Reached * piety under Zin
  2474 | D:4      | Identified the cursed +0 hand axe of Kodd {pain, Int+4
                  | Dex+4} (You found it on level 4 of the Dungeon)
  2913 | D:5      | Entered Level 5 of the Dungeon
  2973 | D:5      | Reached skill level 5 in Unarmed Combat
  2994 | D:5      | Noticed a wyvern
  3003 | D:5      | Killed a wyvern
  3003 | D:5      | Reached XP level 7. HP: 57/68 MP: 6/6
  3092 | D:5      | Reached ** piety under Zin
  3143 | D:5      | Found a radiant altar of Vehumet.
  3346 | D:5      | Found a snail-covered altar of Cheibriados.
  3362 | D:5      | You fall through a shaft for 3 floors!
  3369 | D:8      | Reached skill level 6 in Unarmed Combat
  3412 | D:8      | Reached XP level 8. HP: 71/78 MP: 7/7
  3530 | D:7      | Reached skill level 7 in Unarmed Combat
  3615 | D:7      | Reached skill level 5 in Shields
  3615 | D:7      | Reached skill level 1 in Invocations
  3670 | D:7      | Found a transporter.
  3700 | D:7      | Noticed Alannah's ghost (novice TrHu)
  3700 | D:7      | Noticed a hippogriff
  3817 | D:5      | Reached *** piety under Zin
  4029 | D:6      | Reached skill level 5 in Fighting
  4029 | D:6      | Reached XP level 9. HP: 88/88 MP: 9/9
  4491 | D:6      | Found a large runed translucent door.
  4501 | D:6      | Found a large runed translucent door.
  4505 | D:6      | Noticed a six-headed hydra
  4516 | D:6      | Found a large runed translucent door.
  4516 | D:6      | Found a large runed translucent door.
  4745 | D:6      | Noticed a two-headed ogre
  4752 | D:6      | Killed a two-headed ogre
  4752 | D:6      | Reached skill level 5 in Dodging
  4752 | D:6      | Reached skill level 8 in Unarmed Combat
  5258 | D:6      | Got a shimmering granite ring
  5259 | D:6      | Identified the ring "Aficso" {rPois rC+ MR- Int+2} (You
                  | found it on level 6 of the Dungeon)
  5318 | D:7      | Found a basalt altar of Yredelemnul.
  5435 | D:7      | Found a transporter.
  5780 | D:8      | Found an ornate altar of the Wu Jian Council.
  5875 | D:8      | Found a sparkling altar of Nemelex Xobeh.
  5950 | D:8      | Reached XP level 10. HP: 71/98 MP: 11/11
  6130 | D:8      | Found a basalt altar of Yredelemnul.
  6137 | D:8      | Found an ancient bone altar of Kikubaaqudgha.
  6142 | D:8      | Found a burning altar of Makhleb.
  6149 | D:8      | Found a hazy altar of Hepliaklqana.
  6154 | D:8      | Found a shimmering altar of Xom.
  6161 | D:8      | Found an opulent altar of Gozag.
  6166 | D:8      | Found a bloodstained altar of Trog.
  6211 | D:8      | Found Douruost's Gadget Shop.
  6266 | D:8      | Reached **** piety under Zin
  6280 | D:8      | Reached skill level 1 in Armour
  6618 | D:9      | Reached skill level 9 in Unarmed Combat
  7049 | D:9      | Reached ***** piety under Zin
  7320 | D:9      | Found Seuv's Assorted Antiques.
  7330 | D:9      | Bought 2 potions of curing for 216 gold pieces
  7330 | D:9      | Bought a viscous sapphire potion for 32 gold pieces
  7330 | D:9      | Bought a glowing coppery potion for 32 gold pieces
  7330 | D:9      | Bought a potion of curing for 108 gold pieces
  7623 | D:10     | Entered Level 10 of the Dungeon
  7693 | D:10     | Found Metojo Ewoph's Gadget Emporium.
  7701 | D:10     | Bought a wand of iceblast (6) for 130 gold pieces
  7951 | D:10     | Found a staircase to the Orcish Mines.
  8026 | D:10     | Noticed a two-headed ogre
  8033 | D:10     | Killed a two-headed ogre
  8165 | D:11     | Noticed a five-headed hydra
  8202 | D:11     | Found a portal to a secret trove of treasure.
  8222 | D:11     | Found a staircase to the Lair.
  8226 | D:11     | Reached XP level 11. HP: 105/105 MP: 13/13
  8283 | D:11     | Reached skill level 10 in Unarmed Combat
  8728 | D:11     | HP: 1/107 [nine-headed hydra (7)]
  8819 | D:10     | Zin protects you from harm!
  8823 | D:9      | Slain by a nine-headed hydra

Skill      XL: |  1  2  3  4  5  6  7  8  9 10 11 |
---------------+----------------------------------+-----
Shields        | 3 4 5 6 7 8 |  8.0
Fighting       | 3 4 5 6 |  6.4
Unarmed Combat | 3 4 5 6 7 8 9 10 | 10.2
Dodging        | 3 4 5 6 |  6.2
Invocations    | 1 3 4 |  4.7
Armour         | 2 3 |  3.0

Action                   |  1- 3 |  4- 6 |  7- 9 | 10-12 || total
-------------------------+-------+-------+-------+-------++-------
Melee: Unarmed           |   106 |   125 |   354 |   360 ||   945
Evoke: Wand              |       |       |       |     6 ||     6
  Use: Scroll            |       |     4 |     1 |     8 ||    13
       Potion            |       |       |       |     2 ||     2
 Stab: Sleeping          |     1 |     1 |     2 |       ||     4
  Eat: Chunk             |    19 |    14 |    25 |    24 ||    82
       Ration            |       |       |       |     4 ||     4
Armor: Robe              |    40 |    27 |    89 |    14 ||   170
       Troll leather arm |       |       |       |    75 ||    75
Dodge: Dodged            |    26 |    38 |   105 |   148 ||   317
Block: Shield            |    33 |    40 |   152 |   175 ||   400
